[Event "Thursday 11 January Rapid Engine Tour 12+1 Rounds 9 Starts 1600 ST"]
[Site "Infinity Chess"]
[Date "2018.1.11"]
[Round "2"]
[White "KULLANI"]
[Black "Klaus"]
[Result "1/2-1/2"]
[ECO "C50"]
[WhiteElo "2422"]
[BlackElo "2421"]
[WhiteEngine "BrainFish_180106_x64_CTG"]
[BlackEngine "asmFishW_2017-11-19_bmi2_CTG"]
[EventType "Swiss"]
[WhiteTeam ""]
[BlackTeam ""]
[PlyCount "115"]
[TimeControl "720+1"]

1. e4 e5 2. Nf3 Nc6 3. Bc4 Bc5 4. O-O Nf6 5. d3 d6 6. c3 a5 7. Re1 O-O 8. h3 h6 
9. Nbd2 Ba7 10. Nf1 Be6 11. Bb5 Ne7 12. Ng3 c6 13. Ba4 b5 14. Bc2 a4 15. d4 Ng6 
16. Be3 Bb6 17. Qd2 Re8 18. b3 Bc7 19. Red1 Qe7 20. bxa4 bxa4 21. c4 d5 
22. exd5 cxd5 23. Bxg6 exd4 24. Nxd4 fxg6 25. Nxe6 Qxe6 26. cxd5 Nxd5 
27. Qxd5 Qxd5 28. Rxd5 Bxg3 29. Rb1 Bh4 30. Kf1 Bf6 31. Ke2 Bg5 32. Rb7 Bxe3 
33. fxe3 Rab8 34. Ra7 Rb2+ 35. Kf3 Rf8+ 36. Kg3 Rff2 37. Rdd7 Rxg2+ 
38. Kf3 Rgf2+ 39. Kg3 Rxa2 40. Rxg7+ Kh8 41. Rh7+ Kg8 42. Rxh6 Rg2+ 43. Kf4 Rae2 
44. Rhh7 Ref2+ 45. Ke5 Rg5+ 46. Kd4 Rd2+ 47. Ke4 Ra5 48. Rag7+ Kf8 49. Rc7 Kg8 
50. Rcg7+ Kf8 51. Rf7+ Kg8 52. Rhg7+ Kh8 53. Rh7+ Kg8 54. Ra7 a3 55. Rxa5 Kxh7 
56. Rxa3 Rh2 57. Rc3 Rxh3 58. Rc7+ 1/2-1/2

[Event "Thursday 11 January Rapid Engine Tour 12+1 Rounds 9 Starts 1600 ST"]
[Site "Infinity Chess"]
[Date "2018.1.11"]
[Round "2"]
[White "CrapCleaner"]
[Black "KillBill2017"]
[Result "1/2-1/2"]
[ECO "C55"]
[WhiteElo "2424"]
[BlackElo "2422"]
[WhiteEngine "Raubfisch X37b1._zag_CTG"]
[BlackEngine "Raubfisch ME262_GTZ16b1._CTG"]
[EventType "Swiss"]
[WhiteTeam ""]
[BlackTeam ""]
[PlyCount "101"]
[TimeControl "720+1"]

1. e4 e5 2. Nf3 Nc6 3. Bc4 Nf6 4. d3 Bc5 5. c3 d6 6. Bg5 h6 7. Bh4 g5 8. Bg3 Qe7 
9. O-O a6 10. a4 Ba7 11. Nbd2 Nd7 12. h3 h5 13. h4 g4 14. Ne1 Nf8 15. Nc2 Ng6 
16. Ne3 Be6 17. Nd5 Bxd5 18. exd5 Nb8 19. Ne4 Nd7 20. Ng5 f6 21. Ne6 Ndf8 
22. Qb3 Rb8 23. d4 Nxe6 24. dxe6 f5 25. dxe5 f4 26. exd6 cxd6 27. Qc2 fxg3 
28. Qxg6+ Kd8 29. Rfd1 Rf8 30. Qg5 Qxg5 31. Rxd6+ Ke7 32. Rd7+ Kf6 
33. hxg5+ Kxg5 34. e7 Rxf2 35. Kh1 h4 36. Rf1 Re8 37. Rxb7 Bc5 38. Bxa6 Bxe7 
39. Re1 Ra8 40. Rbxe7 Rxa6 41. Rg7+ Kf5 42. Kg1 Rxb2 43. Rf1+ Rf2 44. Ra1 Rg6 
45. Rf7+ Ke4 46. Rxf2 gxf2+ 47. Kxf2 g3+ 48. Kg1 Rc6 49. a5 Ra6 50. Re1+ Kd3 
51. Ra1 1/2-1/2

[Event "Thursday 11 January Rapid Engine Tour 12+1 Rounds 9 Starts 1600 ST"]
[Site "Infinity Chess"]
[Date "2018.1.11"]
[Round "2"]
[White "Prometheus"]
[Black "RonWeasley"]
[Result "1/2-1/2"]
[ECO "A46"]
[WhiteElo "2428"]
[BlackElo "2431"]
[WhiteEngine "Eman 1.58-64bit-IDeA"]
[BlackEngine "BrainFish 060118_CTG"]
[EventType "Swiss"]
[WhiteTeam ""]
[BlackTeam ""]
[PlyCount "108"]
[TimeControl "720+1"]

1. d4 Nf6 2. Nf3 d5 3. c4 e6 4. g3 dxc4 5. Bg2 Bb4+ 6. Bd2 a5 7. Qc2 b6 
8. Ne5 Ra7 9. Bxb4 axb4 10. Qxc4 Qd6 11. Nd3 Ba6 12. Qxb4 Bxd3 13. Qxd6 cxd6 
14. exd3 d5 15. Nd2 Kd7 16. Nf3 Ne8 17. Kd2 f6 18. h4 Nc6 19. Rhc1 Nc7 
20. Rc3 Rc8 21. Ke3 Ra4 22. a3 Nb5 23. Rc2 Ncxd4 24. Nxd4 Nxd4 25. Rxc8 Kxc8 
26. Rc1+ Kd7 27. Bf3 g6 28. Rh1 Nf5+ 29. Kd2 Nd4 30. Bd1 Ra8 31. Kc3 Nb5+ 
32. Kb4 Na7 33. f4 Nc6+ 34. Kc3 h5 35. d4 Ne7 36. g4 Rc8+ 37. Kd3 hxg4 
38. Bxg4 Rc4 39. b3 Rc8 40. Re1 Rh8 41. Bxe6+ Kd8 42. Rh1 f5 43. b4 Kc7 
44. a4 Kd6 45. Re1 Rf8 46. a5 Nc6 47. b5 Nxa5 48. Re5 Nc4 49. Re2 Ra8 
50. Bf7 Ra3+ 51. Kc2 Ra2+ 52. Kd3 Ra3+ 53. Kc2 Ra2+ 54. Kd3 Ra3+ 1/2-1/2

[Event "Thursday 11 January Rapid Engine Tour 12+1 Rounds 9 Starts 1600 ST"]
[Site "Infinity Chess"]
[Date "2018.1.11"]
[Round "2"]
[White "Dovahkiin"]
[Black "hafaba"]
[Result "1/2-1/2"]
[ECO ""]
[WhiteElo "2440"]
[BlackElo "2440"]
[WhiteEngine "BrainFish_180106_x64_modern_CTG"]
[BlackEngine "Stockfish SL 07012018 POPCNT_CTG"]
[EventType "Swiss"]
[WhiteTeam ""]
[BlackTeam ""]
[PlyCount "118"]
[TimeControl "720+1"]

1. e3 Nf6 2. d3 d5 3. d4 c5 4. Nf3 Nc6 5. c3 Bg4 6. h3 Bxf3 7. Qxf3 e6 
8. Nd2 Bd6 9. dxc5 Bxc5 10. g3 O-O 11. Bg2 e5 12. e4 d4 13. Nb3 Bb6 14. Bg5 Re8 
15. Bxf6 Qxf6 16. Qxf6 gxf6 17. O-O dxc3 18. bxc3 Na5 19. Rfd1 Rac8 
20. Rac1 Red8 21. Rd5 Nc4 22. Bf1 Kg7 23. Rxd8 Bxd8 24. Bxc4 Rxc4 25. Nd2 Rc6 
26. c4 Ba5 27. Nf1 Kg6 28. Kg2 Bb6 29. Nd2 f5 30. exf5+ Kxf5 31. Rb1 Ke6 
32. Rb5 h5 33. f4 exf4 34. gxf4 f5 35. Kf3 h4 36. a4 Rc7 37. Re5+ Kf6 
38. Rd5 Rg7 39. c5 Bc7 40. Nf1 b6 41. cxb6 axb6 42. Rb5 Ke6 43. Rb4 Rg8 
44. Rb5 Rd8 45. Ne3 Rd4 46. Rxf5 Rxa4 47. Rf8 b5 48. Rf5 Rb4 49. Rc5 Bxf4 
50. Nc2 Bd6 51. Rxb5 Rf4+ 52. Kg2 Rc4 53. Ne3 Rc3 54. Nf5 Rc2+ 55. Kf3 Rc4 
56. Nxd6 Kxd6 57. Rb6+ Kc5 58. Rf6 Kd5 59. Rf4 Rxf4+ 1/2-1/2

[Event "Thursday 11 January Rapid Engine Tour 12+1 Rounds 9 Starts 1600 ST"]
[Site "Infinity Chess"]
[Date "2018.1.11"]
[Round "2"]
[White "Wolle"]
[Black "SkyPilot"]
[Result "1-0"]
[ECO "C55"]
[WhiteElo "2444"]
[BlackElo "2463"]
[WhiteEngine "Raubfisch X37a2_CTG"]
[BlackEngine "stockfish_x64_bmi2_2018_01_01_CTG"]
[EventType "Swiss"]
[WhiteTeam ""]
[BlackTeam ""]
[PlyCount "207"]
[TimeControl "720+1"]

1. e4 e5 2. Nf3 Nc6 3. Bc4 Nf6 4. d3 Bc5 5. c3 d6 6. O-O O-O 7. h3 a5 8. Nbd2 h6 
9. Re1 Be6 10. b3 Qb8 11. Nf1 Bb6 12. a4 Qc8 13. Ng3 Re8 14. Bb5 Qd8 15. Bb2 Nd7 
16. Rc1 Nc5 17. d4 Bxb3 18. Qe2 Ne6 19. Nd2 Nf4 20. Qf3 Be6 21. d5 Bd7 
22. dxc6 bxc6 23. Bf1 Qf6 24. Ba3 h5 25. Nf5 Bxf5 26. exf5 Qxf5 27. Kh2 Qg6 
28. Nc4 Ba7 29. Ra1 h4 30. Ne3 Bxe3 31. Qxe3 Nd5 32. Qe2 Qf6 33. Kg1 e4 
34. Qc4 Qxc3 35. Qxc3 Nxc3 36. Rec1 Nxa4 37. Rxc6 Re7 38. Bb5 Nb6 39. Bxd6 cxd6 
40. Rxb6 Re5 41. Bc6 Ra7 42. Rd1 a4 43. Rb8+ Kh7 44. Rb4 f5 45. Bxa4 Rea5 
46. Bb3 Ra1 47. Rbd4 Kg6 48. Rxd6+ Kg5 49. Kf1 Kf4 50. Rg6 Rxd1+ 51. Bxd1 Ra1 
52. Ke1 Ra7 53. Ke2 Ra2+ 54. Ke1 Ra7 55. Bc2 Ke5 56. Ke2 Ra2 57. Kd2 Ra7 
58. Bd1 Rb7 59. Ke3 Rc7 60. g3 Rc3+ 61. Ke2 hxg3 62. fxg3 f4 63. Rg5+ Kf6 
64. gxf4 Rf3 65. Ra5 Rxf4 66. Ke3 Rf5 67. Ra6+ Kg5 68. Kxe4 g6 69. Rd6 Kh6 
70. Ra6 Rf7 71. Rd6 Kg7 72. Bf3 Rf8 73. Ke3 Rf7 74. Kf2 Rf6 75. Rd4 Rf5 
76. Kg3 Kh6 77. Be4 Rg5+ 78. Kf4 Rh5 79. Rd3 Rh4+ 80. Ke5 Rh5+ 81. Kf6 Ra5 
82. Rd6 Ra4 83. Ke5 Ra5+ 84. Kf4 Rg5 85. Kf3 Kg7 86. Bd3 Kh6 87. Kf2 Kg7 
88. Rb6 Kf7 89. Rb4 Re5 90. h4 g5 91. h5 Ra5 92. h6 Ra2+ 93. Kg3 Ra3 94. Rd4 Ra1 
95. Be4 Rg1+ 96. Kf2 Ra1 97. h7 Ra2+ 98. Kg3 Ra3+ 99. Kg4 Ra5 100. h8=Q Rd5 
101. Bxd5+ Ke7 102. Qe5+ Kf8 103. Qf6+ Ke8 104. Bc6# 1-0

[Event "Thursday 11 January Rapid Engine Tour 12+1 Rounds 9 Starts 1600 ST"]
[Site "Infinity Chess"]
[Date "2018.1.11"]
[Round "2"]
[White "Vimtiroba"]
[Black "Susanne"]
[Result "1/2-1/2"]
[ECO "A40"]
[WhiteElo "2466"]
[BlackElo "2470"]
[WhiteEngine "AsmFish@J10V2_CTG"]
[BlackEngine "asmFishW_20_bmi2"]
[EventType "Swiss"]
[WhiteTeam ""]
[BlackTeam ""]
[PlyCount "75"]
[TimeControl "720+1"]

1. d4 e6 2. e4 d5 3. Nd2 c5 4. Ngf3 Nf6 5. e5 Nfd7 6. c3 Nc6 7. Bd3 g6 
8. O-O Bg7 9. Be2 O-O 10. Re1 cxd4 11. cxd4 a5 12. Nb1 f6 13. exf6 Nxf6 
14. Nc3 Ng4 15. Rf1 Bd7 16. Bg5 Qc7 17. Nb5 Qb6 18. a4 Nh6 19. Bd2 Nf5 
20. Bc3 Qd8 21. Re1 Nh4 22. Nxh4 Qxh4 23. g3 Qf6 24. f4 Ne7 25. Nd6 b6 
26. Qd2 Bc6 27. b3 Nf5 28. Nxf5 exf5 29. Kg2 Rac8 30. Reb1 Be8 31. b4 axb4 
32. Rxb4 Rf7 33. a5 bxa5 34. Rxa5 Rfc7 35. Rb3 Rc6 36. Ra7 Qe6 37. Ra2 Bf7 
38. Bd3 1/2-1/2

[Event "Thursday 11 January Rapid Engine Tour 12+1 Rounds 9 Starts 1600 ST"]
[Site "Infinity Chess"]
[Date "2018.1.11"]
[Round "2"]
[White "Marsell"]
[Black "MGR"]
[Result "1/2-1/2"]
[ECO "C53"]
[WhiteElo "2476"]
[BlackElo "2481"]
[WhiteEngine "asmFishW_2018-01-11_popcnt"]
[BlackEngine "Raubfisch ME262_GTZ16b2"]
[EventType "Swiss"]
[WhiteTeam ""]
[BlackTeam ""]
[PlyCount "81"]
[TimeControl "720+1"]

1. e4 e5 2. Nf3 Nc6 3. Bc4 Bc5 4. c3 Nf6 5. d3 d6 6. O-O O-O 7. h3 a5 
8. Nbd2 Be6 9. Bb5 h6 10. Re1 Qb8 11. Nf1 Qa7 12. Be3 Bxe3 13. Nxe3 Ne7 
14. a4 Ng6 15. Bc4 Nf4 16. Qc2 Bxc4 17. Nxc4 Qc5 18. Ne3 Rfe8 19. g3 Ne6 
20. Kg2 b5 21. Nd2 Reb8 22. Reb1 b4 23. Rc1 g6 24. h4 Qc6 25. d4 bxc3 
26. bxc3 exd4 27. cxd4 Qxc2 28. Rxc2 Rb4 29. Nd5 Nxd5 30. exd5 Nxd4 31. Rxc7 Nf5 
32. Nc4 Kg7 33. Ra3 h5 34. Rf3 Rd8 35. Nxa5 Rxa4 36. Nc4 Ra2 37. Rd3 Rda8 
38. Rc6 Rd8 39. Rc7 Rda8 40. Rc6 Rd8 41. Rc7 1/2-1/2

[Event "Thursday 11 January Rapid Engine Tour 12+1 Rounds 9 Starts 1600 ST"]
[Site "Infinity Chess"]
[Date "2018.1.11"]
[Round "2"]
[White "Gilgamesch"]
[Black "THE_MACHINE"]
[Result "1/2-1/2"]
[ECO "C50"]
[WhiteElo "2507"]
[BlackElo "2517"]
[WhiteEngine "BrainFish_171005_x64_bmi2"]
[BlackEngine "Houdini 6"]
[EventType "Swiss"]
[WhiteTeam ""]
[BlackTeam ""]
[PlyCount "117"]
[TimeControl "720+1"]

1. e4 e5 2. Nf3 Nc6 3. Bc4 Bc5 4. O-O Nf6 5. d3 d6 6. c3 O-O 7. h3 a5 
8. Nbd2 Ba7 9. Bb5 Be6 10. Re1 Ne7 11. d4 Ng6 12. Ba4 Nh5 13. Nf1 exd4 
14. Nxd4 Nhf4 15. Ng3 Bxd4 16. cxd4 d5 17. Qf3 Qh4 18. Bc2 c6 19. Bxf4 Qxf4 
20. Qxf4 Nxf4 21. e5 f6 22. Ne2 fxe5 23. Nxf4 Rxf4 24. Rxe5 Bf7 25. Rd1 Re8 
26. Rxe8+ Bxe8 27. g3 Rf6 28. Re1 Kf7 29. a3 g6 30. f4 Re6 31. Rxe6 Kxe6 
32. Kf2 b6 33. g4 c5 34. Ke3 Bd7 35. h4 Kf6 36. Bd1 Ke6 37. Bf3 Kd6 38. g5 Bh3 
39. Bd1 Ke6 40. Bf3 Bf5 41. h5 Kd6 42. hxg6 hxg6 43. Be2 c4 44. Kd2 Ke6 
45. a4 Bh3 46. Bd1 Bf5 47. b3 cxb3 48. Bxb3 Be4 49. Ke2 Ke7 50. Ke3 Kd6 
51. Bd1 Bb1 52. Kd2 Bf5 53. Kc3 Kd7 54. Kb2 Ke6 55. Kc3 Be4 56. Bg4+ Bf5 
57. Bd1 Be4 58. Bg4+ Bf5 59. Bd1 1/2-1/2

[Event "Thursday 11 January Rapid Engine Tour 12+1 Rounds 9 Starts 1600 ST"]
[Site "Infinity Chess"]
[Date "2018.1.11"]
[Round "2"]
[White "xeonrocks"]
[Black "Harry_Potter"]
[Result "1/2-1/2"]
[ECO "C50"]
[WhiteElo "2525"]
[BlackElo "2528"]
[WhiteEngine "asmFishW_CTG"]
[BlackEngine "asmFishW_2018-01-11_bmi2_CTG"]
[EventType "Swiss"]
[WhiteTeam ""]
[BlackTeam ""]
[PlyCount "96"]
[TimeControl "720+1"]

1. e4 e5 2. Nf3 Nc6 3. Bc4 Bc5 4. O-O Nf6 5. d3 d6 6. c3 a5 7. Re1 O-O 8. Bg5 h6 
9. Bh4 Be6 10. Nbd2 g5 11. Bg3 Ba7 12. Rc1 Rb8 13. d4 exd4 14. Bxe6 fxe6 
15. Nxd4 Nxd4 16. cxd4 Bxd4 17. e5 Bxe5 18. Bxe5 dxe5 19. Rxe5 Qd4 20. Qe1 Qxb2 
21. Rxc7 Rf7 22. Rc1 Rd8 23. Nf1 Rd6 24. h4 gxh4 25. Rc8+ Kg7 26. Rxe6 Rxe6 
27. Qxe6 h5 28. Ne3 Qb1+ 29. Kh2 Qe4 30. Qxe4 Nxe4 31. f3 Ng5 32. Rc5 Kg6 
33. Rxa5 h3 34. Nc4 Rf5 35. Rxf5 Kxf5 36. Nd6+ Ke5 37. Nxb7 hxg2 38. Kxg2 Kf4 
39. Nc5 Ke3 40. a3 h4 41. a4 h3+ 42. Kg1 h2+ 43. Kxh2 Nxf3+ 44. Kg3 Nd4 
45. a5 Nc6 46. a6 Na7 47. Nb3 Nc6 48. a7 Nxa7 1/2-1/2

[Event "Thursday 11 January Rapid Engine Tour 12+1 Rounds 9 Starts 1600 ST"]
[Site "Infinity Chess"]
[Date "2018.1.11"]
[Round "1"]
[White "Satria_Ungu"]
[Black "Prometheus"]
[Result "1/2-1/2"]
[ECO "A05"]
[WhiteElo "2377"]
[BlackElo "2430"]
[WhiteEngine "Houdini 6"]
[BlackEngine "Eman 1.58-64bit-IDeA"]
[EventType "Swiss"]
[WhiteTeam ""]
[BlackTeam ""]
[PlyCount "101"]
[TimeControl "720+1"]

1. Nf3 Nf6 2. d4 c6 3. c4 d5 4. Nc3 e6 5. Bg5 dxc4 6. e4 b5 7. e5 h6 8. Bh4 g5 
9. Nxg5 hxg5 10. Bxg5 Nbd7 11. exf6 Bb7 12. g3 c5 13. d5 Nxf6 14. Bg2 Bh6 
15. Bxf6 Qxf6 16. O-O Rd8 17. Qe2 Kf8 18. Rad1 exd5 19. Bxd5 Re8 20. Qc2 Bxd5 
21. Rxd5 a6 22. Rxc5 Bg7 23. Rd1 Rh6 24. Qd2 Qf3 25. Qd5 Rf6 26. Qxf3 Rxf3 
27. Kg2 Rd3 28. Rxd3 cxd3 29. Rd5 Re2 30. Rd8+ Ke7 31. Rxd3 Rxb2 32. Nd5+ Kf8 
33. a3 a5 34. Ne3 Kg8 35. h4 a4 36. g4 Rb3 37. Rd8+ Kh7 38. Rd7 b4 39. axb4 a3 
40. Ra7 Bd4 41. Ra8 Bxe3 42. fxe3 Rxe3 43. b5 Rb3 44. g5 Kg6 45. Ra6+ Kf5 
46. Ra4 Rxb5 47. Rxa3 Kg6 48. h5+ Kf5 49. Rg3 Rb8 50. g6 fxg6 51. Rxg6 1/2-1/2

[Event "Thursday 11 January Rapid Engine Tour 12+1 Rounds 9 Starts 1600 ST"]
[Site "Infinity Chess"]
[Date "2018.1.11"]
[Round "1"]
[White "RonWeasley"]
[Black "MarioDeMonti"]
[Result "1/2-1/2"]
[ECO "A00"]
[WhiteElo "2432"]
[BlackElo "2395"]
[WhiteEngine "BrainFish 060118_CTG"]
[BlackEngine "stockfish_x64_bmi2_2018_01_01_CTG"]
[EventType "Swiss"]
[WhiteTeam ""]
[BlackTeam ""]
[PlyCount "133"]
[TimeControl "720+1"]

1. a3 d5 2. e3 Nf6 3. d4 Bf5 4. c4 e6 5. Nd2 Be7 6. b3 c5 7. Ngf3 Nc6 
8. Bb2 cxd4 9. Nxd4 Nxd4 10. Bxd4 O-O 11. Be2 Qc7 12. cxd5 Nxd5 13. e4 Nf4 
14. exf5 Rfd8 15. Rc1 Nxg2+ 16. Kf1 Qf4 17. Nf3 Nh4 18. Qc2 Nxf3 19. Be3 Nd2+ 
20. Qxd2 Qe4 21. f3 Qxf5 22. Qc2 Qh3+ 23. Kg1 Bxa3 24. Rd1 Rxd1+ 25. Bxd1 Bd6 
26. Qe4 a5 27. Qxb7 Rd8 28. Be2 h6 29. Bf1 Qh5 30. Qc6 Be7 31. Qe4 Rb8 
32. Bd3 g6 33. Bc4 a4 34. Kg2 axb3 35. Bxe6 Bf6 36. Bd5 Kg7 37. Bf4 Rb5 
38. Rd1 b2 39. Ba2 Qf5 40. Qc4 Rb7 41. Bc7 Bh4 42. Bb1 Qg5+ 43. Bg3 Bxg3 
44. hxg3 h5 45. Qe4 Qe7 46. Qd4+ Qf6 47. Qc4 Qg5 48. Kf2 Qf6 49. Rd3 Rb6 
50. Qc3 Qxc3 51. Rxc3 Kf6 52. f4 Rb4 53. Kf3 Rb6 54. Kg2 Rb4 55. Rf3 Rb5 
56. Re3 Kg7 57. Kf3 h4 58. gxh4 Kh6 59. Kg3 Rb6 60. f5 gxf5 61. Rf3 Rb5 
62. Bxf5 Rxf5 63. Rb3 f6 64. Rxb2 Kh5 65. Rb6 Kg6 66. Kg4 Rh5 67. Rc6 1/2-1/2

[Event "Thursday 11 January Rapid Engine Tour 12+1 Rounds 9 Starts 1600 ST"]
[Site "Infinity Chess"]
[Date "2018.1.11"]
[Round "1"]
[White "miguello"]
[Black "Dovahkiin"]
[Result "1/2-1/2"]
[ECO "D31"]
[WhiteElo "2398"]
[BlackElo "2442"]
[WhiteEngine "asmFishW_2017-11-19_popcnt_CTG"]
[BlackEngine "BrainFish_180106_x64_modern_CTG"]
[EventType "Swiss"]
[WhiteTeam ""]
[BlackTeam ""]
[PlyCount "104"]
[TimeControl "720+1"]

1. d4 d5 2. c4 e6 3. Nc3 c6 4. Nf3 Nf6 5. e3 Nbd7 6. Qc2 Bd6 7. Be2 dxc4 
8. Bxc4 O-O 9. O-O a6 10. Rd1 b5 11. Bd3 Qc7 12. Bd2 c5 13. Ne4 c4 14. Nxd6 Qxd6 
15. Be2 Bb7 16. b3 Bd5 17. Be1 Rfc8 18. Qb2 Ne4 19. Rac1 f6 20. Ba5 f5 
21. Ne1 Nef6 22. f3 e5 23. bxc4 Bxc4 24. Bxc4+ Rxc4 25. Rxc4 bxc4 26. Qc1 Qc6 
27. dxe5 Nxe5 28. Bc3 Re8 29. Ba1 Ned7 30. Nc2 Nd5 31. Qd2 N7f6 32. Bxf6 Nxf6 
33. Qa5 Qb5 34. Qc3 Qc5 35. Rd4 Nd5 36. Qxc4 Qxc4 37. Rxc4 Nxe3 38. Nxe3 Rxe3 
39. Ra4 Re6 40. Kf2 Kf7 41. h4 Kf6 42. Ra5 f4 43. Kg1 g6 44. h5 g5 45. Kf1 h6 
46. Kf2 Rc6 47. Kf1 Rd6 48. Kg1 Rd1+ 49. Kf2 Rd2+ 50. Kg1 Rd1+ 51. Kf2 Rd2+ 
52. Kg1 Rd1+ 1/2-1/2

[Event "Thursday 11 January Rapid Engine Tour 12+1 Rounds 9 Starts 1600 ST"]
[Site "Infinity Chess"]
[Date "2018.1.11"]
[Round "1"]
[White "hafaba"]
[Black "CrossingJordan"]
[Result "1/2-1/2"]
[ECO "D31"]
[WhiteElo "2442"]
[BlackElo "2400"]
[WhiteEngine "Stockfish SL 07012018 POPCNT_CTG"]
[BlackEngine "asmFishW_2017-12-20_bmi2_CTG"]
[EventType "Swiss"]
[WhiteTeam ""]
[BlackTeam ""]
[PlyCount "72"]
[TimeControl "720+1"]

1. d4 d5 2. c4 e6 3. Nc3 c6 4. e4 dxe4 5. Nxe4 Bb4+ 6. Bd2 Qxd4 7. Bxb4 Qxe4+ 
8. Be2 Na6 9. Ba5 b6 10. Qd6 Bd7 11. Bc3 f6 12. Rd1 O-O-O 13. Qa3 Kb7 14. Nf3 e5 
15. Rd2 Qb1+ 16. Bd1 Qg6 17. O-O Qe8 18. Re1 Nh6 19. b4 Nc7 20. Qc1 Qf7 
21. Be2 Be6 22. b5 cxb5 23. Bxe5 Rxd2 24. Qxd2 fxe5 25. Nxe5 Qf6 26. Bf3+ Kc8 
27. Nc6 Bg4 28. Re7 Qa1+ 29. Re1 Qf6 30. Nxa7+ Kb8 31. Nc6+ Kb7 32. Be4 Re8 
33. Nb4+ Kb8 34. Nc6+ Kb7 35. Ne7+ Ka7 36. Nc6+ Kb7 1/2-1/2

[Event "Thursday 11 January Rapid Engine Tour 12+1 Rounds 9 Starts 1600 ST"]
[Site "Infinity Chess"]
[Date "2018.1.11"]
[Round "1"]
[White "neófito"]
[Black "Wolle"]
[Result "1/2-1/2"]
[ECO "D10"]
[WhiteElo "2401"]
[BlackElo "2446"]
[WhiteEngine "BrainFish_180106_x64_bmi2_CTG"]
[BlackEngine "Raubfisch X37a2_CTG"]
[EventType "Swiss"]
[WhiteTeam ""]
[BlackTeam ""]
[PlyCount "65"]
[TimeControl "720+1"]

1. d4 d5 2. c4 c6 3. cxd5 cxd5 4. Bf4 Nc6 5. e3 Bf5 6. Qb3 Qd7 7. Nc3 e6 
8. Rc1 Rc8 9. Bb5 Nge7 10. Nf3 Ng6 11. Na4 Be4 12. Bg3 Be7 13. O-O Bxf3 
14. gxf3 O-O 15. Nc5 Bxc5 16. Rxc5 h5 17. h3 a6 18. Be2 Nce7 19. Rfc1 Rxc5 
20. Rxc5 Rc8 21. Rxc8+ Nxc8 22. Qc2 Nge7 23. Qc5 f6 24. b3 Kf7 25. Kf1 g6 
26. Ke1 Nf5 27. Bd3 Nce7 28. Bc7 Nc6 29. Qb6 Ng7 30. Bg3 Nf5 31. Bc7 Ng7 
32. Bg3 Nf5 33. Bc7 1/2-1/2

[Event "Thursday 11 January Rapid Engine Tour 12+1 Rounds 9 Starts 1600 ST"]
[Site "Infinity Chess"]
[Date "2018.1.11"]
[Round "1"]
[White "SkyPilot"]
[Black "MedusaV2"]
[Result "1/2-1/2"]
[ECO "E15"]
[WhiteElo "2465"]
[BlackElo "2405"]
[WhiteEngine "stockfish_x64_bmi2_2018_01_01_CTG"]
[BlackEngine "corchess_1.8.1_x64"]
[EventType "Swiss"]
[WhiteTeam ""]
[BlackTeam ""]
[PlyCount "88"]
[TimeControl "720+1"]

1. d4 Nf6 2. c4 e6 3. Nf3 b6 4. g3 Ba6 5. b3 Bb4+ 6. Bd2 Be7 7. Bg2 d5 
8. O-O O-O 9. Ne5 c6 10. Bf4 Nfd7 11. Nf3 dxc4 12. Nbd2 cxb3 13. axb3 Bb7 
14. Ne4 a5 15. Nd6 Ba6 16. Nc4 Ra7 17. h4 Bb7 18. Qb1 Nf6 19. Rd1 Na6 
20. Bd2 Bb4 21. Bg5 Be7 22. Bd2 Nb4 23. Bh3 h6 24. g4 Ba8 25. g5 hxg5 
26. hxg5 Nd7 27. Kg2 c5 28. Rh1 f5 29. gxf6 Rxf6 30. dxc5 Nxc5 31. Bxb4 Be4 
32. Qa2 axb4 33. Qxa7 Rg6+ 34. Kf1 Bxf3 35. exf3 Qd3+ 36. Ke1 Qc3+ 37. Nd2 Nd3+ 
38. Kf1 Nf4 39. Qa8+ Kf7 40. Bg4 Qd3+ 41. Kg1 Ne2+ 42. Kf1 Nf4+ 43. Kg1 Ne2+ 
44. Kf1 Nf4+ 1/2-1/2

[Event "Thursday 11 January Rapid Engine Tour 12+1 Rounds 9 Starts 1600 ST"]
[Site "Infinity Chess"]
[Date "2018.1.11"]
[Round "1"]
[White "ocirema"]
[Black "Vimtiroba"]
[Result "1/2-1/2"]
[ECO "C50"]
[WhiteElo "2406"]
[BlackElo "2468"]
[WhiteEngine "stockfish_18010422_x64_modern_CTG"]
[BlackEngine "AsmFish@J10V2_CTG"]
[EventType "Swiss"]
[WhiteTeam ""]
[BlackTeam ""]
[PlyCount "123"]
[TimeControl "720+1"]

1. e4 e5 2. Nf3 Nc6 3. Bc4 Bc5 4. O-O Nf6 5. d3 a6 6. h3 Ba7 7. c3 d6 
8. Nbd2 O-O 9. a4 Ne7 10. Re1 h6 11. Bb3 c6 12. d4 Ng6 13. Bc2 Bd7 14. Nf1 Bb6 
15. Ng3 Re8 16. Be3 exd4 17. cxd4 c5 18. dxc5 dxc5 19. b4 Bc6 20. bxc5 Bc7 
21. Nf5 Qxd1 22. Raxd1 Ba5 23. Nd2 Nxe4 24. Bxe4 Rxe4 25. Nxe4 Bxe1 
26. Nf6+ gxf6 27. Rxe1 Bxa4 28. Nxh6+ Kg7 29. Nf5+ Kh7 30. Ra1 Bc6 31. Nd4 Bd5 
32. f3 Re8 33. Kf2 Ne5 34. Rd1 Bc4 35. Nf5 Nd3+ 36. Kg3 Nxc5 37. Bxc5 Re5 
38. Nd6 Rxc5 39. Nxb7 Rg5+ 40. Kf2 Rd5 41. Rc1 Bb5 42. h4 Kg6 43. Kg3 Kg7 
44. Rc7 Rd4 45. Na5 f5 46. Nb3 Rb4 47. Na5 Rd4 48. h5 f4+ 49. Kh4 Rd2 
50. Nb7 Rxg2 51. Nd6 Kf6 52. Nxb5 axb5 53. Rb7 Rg3 54. Rxb5 Rxf3 55. Kg4 Rf1 
56. h6 f3 57. Rh5 f2 58. Kf3 Rc1 59. Kxf2 Rc8 60. h7 Rh8 61. Ke3 Kg6 62. Rh1 
1/2-1/2

[Event "Thursday 11 January Rapid Engine Tour 12+1 Rounds 9 Starts 1600 ST"]
[Site "Infinity Chess"]
[Date "2018.1.11"]
[Round "1"]
[White "Susanne"]
[Black "angriff"]
[Result "1/2-1/2"]
[ECO "B00"]
[WhiteElo "2473"]
[BlackElo "2408"]
[WhiteEngine "asmFishW_20_bmi2_CTG"]
[BlackEngine "SF_64BIT_POPCNT_CTG"]
[EventType "Swiss"]
[WhiteTeam ""]
[BlackTeam ""]
[PlyCount "75"]
[TimeControl "720+1"]

1. e4 Nc6 2. d4 d5 3. e5 Bf5 4. c3 e6 5. Nd2 f6 6. f4 g5 7. Bb5 gxf4 
8. Ndf3 fxe5 9. Bxc6+ bxc6 10. dxe5 Ne7 11. Ne2 Ng6 12. O-O Bh6 13. Nfd4 Bg4 
14. h3 Bxe2 15. Qxe2 Qd7 16. Qh5 Bg7 17. Bxf4 O-O 18. Bg3 c5 19. Nf3 Rf5 
20. Ng5 Bxe5 21. Rxf5 exf5 22. Bxe5 Nxe5 23. Re1 Ng6 24. Nf3 Kh8 25. Ne5 Qe6 
26. Nxg6+ Qxg6 27. Qe2 Qf6 28. Qe5 Qxe5 29. Rxe5 c6 30. Rxf5 c4 31. b3 cxb3 
32. axb3 a5 33. Rf6 c5 34. Kf2 Kg7 35. Rd6 c4 36. b4 axb4 37. cxb4 Rb8 38. Rxd5 
1/2-1/2

[Event "Thursday 11 January Rapid Engine Tour 12+1 Rounds 9 Starts 1600 ST"]
[Site "Infinity Chess"]
[Date "2018.1.11"]
[Round "1"]
[White "NINJA_JENGKA"]
[Black "Marsell"]
[Result "1/2-1/2"]
[ECO "D30"]
[WhiteElo "2412"]
[BlackElo "2479"]
[WhiteEngine "Houdini 6_CTG"]
[BlackEngine "asmFishW_2018-01-11_popcnt"]
[EventType "Swiss"]
[WhiteTeam ""]
[BlackTeam ""]
[PlyCount "150"]
[TimeControl "720+1"]

1. d4 d5 2. c4 e6 3. Nf3 Nf6 4. Nc3 c6 5. Bg5 h6 6. Bxf6 Qxf6 7. e3 Nd7 
8. Bd3 dxc4 9. Bxc4 g6 10. O-O Bg7 11. Re1 Qe7 12. Qc2 O-O 13. a4 a5 14. b3 Nb6 
15. e4 e5 16. d5 Bg4 17. Nd2 Rad8 18. h3 Bc8 19. Red1 Qc5 20. Rac1 h5 
21. dxc6 bxc6 22. Be2 Bh6 23. Ncb1 Qb4 24. Qc3 c5 25. Qxb4 cxb4 26. Rc5 Rd4 
27. Kf1 Be6 28. Rxe5 Rc8 29. Rxa5 Nd7 30. Ke1 Nc5 31. Rb5 Nxe4 32. Nc4 Rxd1+ 
33. Bxd1 Bxc4 34. bxc4 Rxc4 35. Ke2 Bf8 36. Bb3 Rc7 37. a5 Rc1 38. Bd5 Nd6 
39. Rxb4 Rc2+ 40. Nd2 Rc5 41. Bb3 Rxa5 42. g3 Ra7 43. Ra4 Rxa4 44. Bxa4 Kg7 
45. Kd3 Nb7 46. Bc6 Nc5+ 47. Kc4 f5 48. Nf3 Kf6 49. Bd5 Na4 50. Ne1 Bc5 
51. Nd3 Ba7 52. Bg2 Nb6+ 53. Kb4 Nd7 54. Kc4 Kg7 55. Kb5 Nf8 56. Kc6 g5 
57. Bf3 g4 58. hxg4 hxg4 59. Bg2 Ng6 60. Kb7 Bd4 61. Kc7 Kf6 62. Kd6 Ba7 
63. Bd5 Nf8 64. Kc6 Kg6 65. f3 gxf3 66. Bxf3 Kf6 67. Kd5 Ng6 68. Kc6 Ne7+ 
69. Kd7 Ng6 70. Kc7 Nf8 71. Bd5 Ne6+ 72. Bxe6 Kxe6 73. Kb7 Bb6 74. Kxb6 Kd5 
75. Nc5 Ke5 1/2-1/2